Cogmind - Beta 15 @@@ ROGUE MODE // 2025.07.22 @ 18:55:15 Player: Skysub Result: Destroyed by DW-SF3(R) with Subdweller Laser Performance ------------- Evolutions (0) 0 Regions Visited (2) 400 Robots Destroyed (32) 160 Value Destroyed (856) 856 Prototype IDs (0) 0 Alien Tech Used (0) 0 Bonus (0) 0 TOTAL SCORE: 1416 Bonus ------- None Cogmind --------- Core Integrity 0/250 Matter 141/300 Energy 250/250 System Corruption 0% Temperature Cool (15) Movement Rolling (215) Ox9 Location -10/Subcaves Parts ------- > --- POWER (1) -------- Ion Engine > --- PROPULSION (2) --- Light Treads Wheel > --- UTILITY (2) ------ Huge Storage Unit Structural Scanner > --- WEAPON (2) ------- Assault Rifle Subdweller Machine Gun > --- INVENTORY (25) --- Subdweller Power Source Light Treads Light Treads Small Storage Unit Subdweller Optics Targeting Computer Weapon Shielding Light Assault Rifle Light Assault Rifle Peak State ------------ > --- POWER ------------ Ion Engine > --- PROPULSION ------- Light Treads Wheel > --- UTILITY ---------- Huge Storage Unit Structural Scanner > --- WEAPON ----------- Subdweller Machine Gun Grenade Launcher > --- INVENTORY -------- Subdweller Power Source Light Treads Light Treads Light Treads Small Storage Unit Subdweller Optics Targeting Computer Assault Rifle Light Assault Rifle Light Assault Rifle [Rating: 9] Favorites ----------- Power Ion Engine Engine Ion Engine Propulsion Light Treads Treads Light Treads Wheel Wheel Utility Huge Storage Unit Device Structural Scanner Storage Huge Storage Unit Weapon Assault Rifle Ballistic Gun Assault Rifle Launcher Grenade Launcher Build | -11 -10 -10 ------- Run | Yrd Mat Sub Slots Evolved . | . . . Power . | . . . Propulsion . | . . . Utility . | . . . Weapon . | . . . Parts Attached 15 | 6 5 4 Power 2 | 1 1 . Engine 2 | 1 1 . Core . | . . . Reactor . | . . . Propulsion 5 | 2 1 2 Treads 3 | 2 . 1 Leg . | . . . Wheel 2 | . 1 1 Hover . | . . . Flight . | . . . Utility 3 | 1 2 . Device 1 | . 1 . Storage 2 | 1 1 . Processor . | . . . Hackware . | . . . Protection . | . . . Artifact . | . . . Weapon 5 | 2 1 2 Energy Gun . | . . . Energy Cannon . | . . . Ballistic Gun 4 | 2 . 2 Ballistic Cannon . | . . . Launcher 1 | . 1 . Special Weapon . | . . . Impact Weapon . | . . . Slashing Weapon . | . . . Piercing Weapon . | . . . Special Melee Weapon . | . . . Unidentified Prototypes . | . . . Parts Lost 5 | . 1 4 Power 1 | . 1 . Propulsion 2 | . . 2 Utility . | . . . Weapon 2 | . . 2 Highest Loss Streak 3 | . 1 3 To Critical Strikes . | . . . Average Backups 7 | 1 7 10 Power . | . . . Propulsion 3 | . 3 3 Utility 2 | . 1 3 Weapon 1 | . 1 2 Tool/Special . | . . . Unused Backups 6 | . . 6 Power 1 | . . 1 Propulsion 1 | . . 1 Utility 3 | . . 3 Weapon 1 | . . 1 Tool/Special . | . . . Average Slot Usage (%) 89 | . 87 99 Engine 13 | . 13 14 Treads 16 | . 17 13 Wheel 11 | . 10 14 Device 4 | . 2 14 Storage 14 | . 14 14 Ballistic Gun 17 | . 17 17 Launcher 10 | . 10 10 Peak Build Rating 9 | 6 7 9 Average Rating 6 | 4 6 8 On Entrance 4 | . 6 7 Naked Turns . | . . . Heaviest Build 93 | 11 91 93 Greatest Support 40 | 40 40 10 Greatest Overweight (x) 9 | . 9 9 Average Overweight (x) 6 | . 5 8 Largest Inventory Capacity 25 | 8 25 25 Average Capacity 20 | 6 20 25 Most Carried 12 | 3 10 12 Average Carried 7 | 1 7 10 Final Capacity 25 | 8 25 25 Final Carried 9 | 3 8 9 Class Distribution -------------------- 100% | Mutant Dominant Class ---------------- Mutant | -10/Materials Mutant | -10/Subcaves Resources | -11 -10 -10 ----------- Run | Yrd Mat Sub Matter Collected 598 | 144 387 67 Remotely . | . . . Salvage Created 728 | . 604 124 Parts 58 | . 52 6 Haulers Intercepted . | . . . Recyclers Shooed . | . . . Parts Field Recycled . | . . . Retrieved Matter . | . . . Parts Self-Destructed 4 | . . 4 Prevented . | . . . Kills | -11 -10 -10 ------- Run | Yrd Mat Sub Combat Hostiles Destroyed 23 | . 18 5 Guns 10 | . 7 3 AOE 13 | . 11 2 Classes Destroyed 7 | . 6 1 Worker 3 | . 3 . Builder 2 | . 2 . Operator 1 | . 1 . Watcher 3 | . 3 . Swarmer 3 | . 3 . Grunt 15 | . 15 . Subdweller 5 | . . 5 Best Kill Streak 6 | . 6 2 Combat Bots Only 5 | . 5 2 Max Kills in Single Turn 4 | . 4 1 Gunslinging . | . . . Exploded 3 | . 3 1 Melee . | . . . Uniques/NPCs Destroyed . | . . . Combat | -11 -10 -10 -------- Run | Yrd Mat Sub Hostile Shots Fired 82 | . 41 41 Missed 29 | . 15 14 Hits 53 | . 26 27 Projectile 53 | . 26 27 Critical Strikes 1 | . . 1 Damage Taken 938 | . 322 616 Core 258 | . 62 196 Absorbed by Shields . | . . . Core Remaining (%) 100 | 100 . . Volleys Fired 56 | . 35 21 Largest 2 | . 2 2 Hottest 60 | . 50 60 Shots Fired 101 | . 64 37 Gun 78 | . 51 27 Cannon . | . . . Launcher 23 | . 13 10 Special . | . . . Kinetic 78 | . 51 27 Thermal . | . . . Explosive 23 | . 13 10 Electromagnetic . | . . . Robot Hit Streak 12 | . 12 11 Robot Miss Streak 3 | . 3 2 Penetration Max . | . . . Secondary Targets . | . . . Shots Hit Robots 63 | . 39 24 Core Hits 57 | . 45 12 Critical Kills . | . . . Critical Parts Destroyed . | . . . Critical Strikes . | . . . Melee Attacks . | . . . Impact . | . . . Slashing . | . . . Piercing . | . . . Sneak Attacks . | . . . Combat Hostiles . | . . . Follow-up Attacks . | . . . Damage Inflicted 2209 | . 1345 864 Guns 634 | . 329 305 Cannons . | . . . Explosions 1575 | . 1016 559 Melee . | . . . Ramming . | . . . Kinetic 634 | . 329 305 Thermal . | . . . Explosive 1575 | . 1016 559 Electromagnetic . | . . . Impact . | . . . Slashing . | . . . Piercing . | . . . Highest Corruption . | . . . Average Corruption . | . . . Corruption Purged . | . . . Corruption Blocked . | . . . Overload Shots . | . . . Overflow Damage 9 | . 9 . Projectiles . | . . . Explosions 9 | . 9 . Melee . | . . . Knockbacks . | . . . Impact . | . . . Kinetic . | . . . Secondary . | . . . Self-Inflicted Damage 66 | . 23 43 Shots 6 | . 4 2 Rammed . | . . . Targets Rammed . | . . . Kicked . | . . . Crushed . | . . . Highest Temperature 8 | . 8 . Average Temperature 5 | . 5 . Received Heat Transfer 297 | . 159 138 Siege Activations . | . . . Martial Activations . | . . . Shielding Activations . | . . . Robots Disrupted . | . . . Combat Hostiles . | . . . Robots Corrupted . | . . . Combat Hostiles . | . . . Parts Fried . | . . . Impact Corruptions . | . . . Robots Melted . | . . . Combat Hostiles . | . . . Parts Melted . | . . . Heat Transferred . | . . . Parts Sabotaged . | . . . Parts Stolen . | . . . Parts Stripped . | . . . Power Chain Reactions . | . . . Alert | -11 -10 -10 ------- Run | Yrd Mat Sub Maximum Alert Level 1 | . 1 . Low Security (%) 42 | 100 38 . Level 1 57 | . 61 . Level 2 . | . . . Level 3 . | . . . Level 4 . | . . . Level 5 . | . . . High Security . | . . . Max Security . | . . . Peak Influence 386 | . 386 . Initial . | . . . Average 206 | . 218 . Influence Increases 675 | . 675 . Destroy 0b10 Robot/C 360 | . 360 . Destroy 0b10 Robot/NC 45 | . 45 . Destroy Leader 76 | . 76 . Successful Hack 31 | . 31 . Select Force Hacks 60 | . 60 . Destroy Structure 58 | . 58 . Lose Combat Pursuer 45 | . 45 . Influence Decreases 675 | . 514 161 Entered New Map 78 | . . 78 Time Decay 577 | . 504 73 Lost Part 20 | . 10 10 Squads Dispatched 3 | . 3 . Investigation 2 | . 2 . Extermination . | . . . Reinforcement 1 | . 1 . Assault . | . . . Garrison . | . . . Intercept . | . . . Searches Triggered . | . . . Construction Impeded . | . . . Haulers Reinforced . | . . . Active Scanning Responses . | . . . Cargo Convoy Interrupts . | . . . Stealth | -11 -10 -10 --------- Run | Yrd Mat Sub Distress Signals 4 | . 4 . Communications Jammed . | . . . Distress Signals . | . . . Times Spotted 32 | . 24 8 Peak Tracking Total 5 | . 5 4 Tactical Retreats 2 | . 2 . Traps | -11 -10 -10 ------- Run | Yrd Mat Sub Traps Triggered . | . . . Indirectly . | . . . Trap Hack Attempts . | . . . Triggered . | . . . Disarmed . | . . . Reprogrammed . | . . . Reused . | . . . Traps Extracted . | . . . Installed . | . . . Triggered . | . . . Machines | -11 -10 -10 ---------- Run | Yrd Mat Sub Machines Disabled . | . . . Max in Single Turn . | . . . Machines Repaired . | . . . Machines Dismantled . | . . . Machines Sabotaged . | . . . Overloaded Fab Kills . | . . . Hacking | -11 -10 -10 --------- Run | Yrd Mat Sub Machines Accessed 7 | . 7 . Terminals 5 | . 5 . Fabricators . | . . . Repair Stations . | . . . Recycling Units 2 | . 2 . Scanalyzers . | . . . Garrison Access . | . . . Total Hacks 17 | . 17 . Successful 11 | . 11 . Failed 6 | . 6 . Catastrophic 1 | . 1 . Database Lockouts . | . . . Manual 15 | . 15 . Terminals 13 | . 13 . Fabricators . | . . . Repair Stations . | . . . Recycling Units 4 | . 4 . Scanalyzers . | . . . Garrison Access . | . . . Terminal Hacks 1 | . 1 . Terminal Index 1 | . 1 . Fabricator Hacks . | . . . Repair Station Hacks . | . . . Recycling Unit Hacks 2 | . 2 . Report Inventory 2 | . 2 . Scanalyzer . | . . . Garrison Access Hacks . | . . . Unauthorized Hacks 8 | . 8 . Terminals 6 | . 6 . Botnet 1 | . 1 . Skim 5 | . 5 . Fabricators . | . . . Repair Stations . | . . . Recycling Units 2 | . 2 . Tunnel 2 | . 2 . Scanalyzers . | . . . Garrison Access . | . . . Data Cores Recovered . | . . . Used . | . . . Hacking Detections 5 | . 5 . Full Trace Events . | . . . Feedback Events . | . . . Feedback Blocked . | . . . Robot Schematics Acquired . | . . . Robots Built . | . . . Authchips . | . . . Time . | . . . Total Robot Build Rating . | . . . Part Schematics Acquired . | . . . Parts Built . | . . . Authchips . | . . . Time . | . . . Total Part Build Rating . | . . . Parts Repaired . | . . . Time . | . . . Parts Recycled . | . . . Recycled Matter . | . . . Retrieved Matter . | . . . Retrieved Components . | . . . Parts Scanalyzed . | . . . Part Schematics Acquired . | . . . Parts Damaged . | . . . Bothacking | -11 -10 -10 ------------ Run | Yrd Mat Sub Used RIF Installer . | . . . Robots Hacked . | . . . Non-combat . | . . . Combat . | . . . Robot Hacks Applied . | . . . Relay Couplers Released . | . . . Fabnet Peak Effective % . | . . . Robots Rewired . | . . . Allies Hacked . | . . . Hacks Repelled . | . . . Allies | -11 -10 -10 -------- Run | Yrd Mat Sub Total Allies . | . . . Largest Group . | . . . Highest-Rated Group . | . . . Highest-Rated Ally . | . . . Total Orders . | . . . Ally Attacks . | . . . Total Damage . | . . . Kills . | . . . Allies Corrupted . | . . . Allies Melted . | . . . Intel | -11 -10 -10 ------- Run | Yrd Mat Sub Active Infowar (turns) 675 | . 231 444 Structural 675 | . 231 444 Robot Analysis Total . | . . . Derelict Logs Recovered . | . . . Drone Launches . | . . . Drone Recoveries . | . . . Exploration | -11 -10 -10 ------------- Run | Yrd Mat Sub Turns Passed 2044 | 83 1517 444 Spaces Moved 938 | 47 720 171 Core 3 | 3 . . Treads 249 | 44 205 . Legs . | . . . Wheels 686 | . 515 171 Hover . | . . . Flight . | . . . Fastest Speed 50 | 50 160 200 Average Speed 193 | 152 190 214 Slowest Speed 215 | 160 215 215 Overloaded Moves . | . . . Propulsion Burnouts . | . . . Robots Hopped . | . . . Potential Cave-ins . | . . . Cave-ins Triggered . | . . . Exploration Rate (%) 37 | 5 97 10 Regions Visited 2 Branch Regions 1 Pre-discovered Areas 3 | . 3 . Known Exits Taken . | . . . Unknown Exits Taken 2 | 1 1 . Scrap Searched . | . . . Spaces Dug . | . . . Terrain Destroyed 112 | . 68 44 Melee . | . . . Projectile . | . . . AOE 112 | . 68 44 Terrain Rammed . | . . . Walls Destroyed . | . . . Machines Disabled . | . . . Actions | -11 -10 -10 --------- Run | Yrd Mat Sub Total 1066 | 55 802 209 Wait 43 | . 36 7 Move 936 | 46 719 171 Hop . | . . . Pick Up 13 | 3 6 4 Fast Attach 7 | 6 1 . Attach 6 | . 2 4 Detach 1 | . 1 . Swap 4 | . 2 2 Drop . | . . . Fire 56 | . 35 21 Melee . | . . . Ram . | . . . Kick . | . . . Crush . | . . . Escape Stasis . | . . . Rewire . | . . . Trap . | . . . Miscellaneous . | . . . Route ------- -11/Scrapyard -10/Materials (discovered 6 exits: [*Mat x3] / [*Min x2] / [*Sub]) -10/Subcaves History --------- Turn | Location | Event 19 | -11/Scrapyard | Discovered new exit (range 15) 84 | -11/Scrapyard | Entered Materials 313 | -10/Materials | Build established: Mutant 405 | -10/Materials | Discovered new exit (range 16) 480 | -10/Materials | Discovered new exit (range 13) 680 | -10/Materials | Discovered new exit (range 14) 714 | -10/Materials | Loaded intel: 12 trap records 745 | -10/Materials | Learned Storage trap positions 776 | -10/Materials | Learned 2 Storage zone layouts 777 | -10/Materials | Learned Storage machine intel 778 | -10/Materials | Learned 2 Storage zone layouts 779 | -10/Materials | Learned location of Mines (-10) 889 | -10/Materials | Discovered new exit (range 14) 1523 | -10/Materials | Discovered new exit (range 10) 1560 | -10/Materials | Discovered new exit (range 10) 1601 | -10/Materials | Entered Subcaves 1602 | -10/Subcaves | Approached by a straggling Scientist 1605 | -10/Subcaves | Ambushed by Subdwellers from Twisted Machinery 1606 | -10/Subcaves | Shifting Twisted Machinery released Sub. Machine Gun 1691 | -10/Subcaves | Shifting Twisted Machinery released Riot Gun 1919 | -10/Subcaves | Core integrity fell below 50% 2044 | -10/Subcaves | Core integrity fell below 20% 2045 | -10/Subcaves | Destroyed by DW-SF3(R) with Subdweller Laser Last Messages --------------- 01630_ GT-WM6(O) collects matter. 01632_ Acquired Sub. Power Source. 01652_ Acquired 13 matter. Riot Gun falls loose from the Twisted Machinery. 01711_ Acquired 13 matter. 01865_ A5-09D(R) destroyed. 01870_ Subatomizers dissect the Disposable Heat Sink. 01899_ The unstable cave ceiling collapses. 01929_ B0-B92(R) destroyed. 01940_ Acquired Assault Rifle. 01943_ Acquired Weapon Shielding. 01944_ Acquired 20 matter. 01958_ The unstable cave ceiling collapses. 02007_ Acquired 8 matter. 02019_ Assault Rifle destroyed. 02025_ Lgt. Treads destroyed. 02026_ Grenade Launcher destroyed. 02031_ 1D-UYF(R) destroyed. 02042_ Subatomizers dissect the Sub. Monowheel. Map ----- +----------------------------------------------------+ | ?????????????????????????????######??### ######## | | ?????????????????????????????????????## ####""# | | ?????????????????????????????????????### ### | | ?????????????????????????????????????### # ## | | ?????????????????????????????????????## ## ### | | ?????????????????????????????????????### " # ### | | ?????????????????????????????????????###### ## | | ??????????????????????????????????????### # "" | | ???????????????????????????????????????## " | | ???????????????????????????????????????## # " | | ???????????????????????????????????????### | | ???????????????????????????????????????### | | ????????????????????????????????????????## " """ | | ????????????????????????????????????????### """" | | ????????????????????????????????????????#### " """ | | ?????????????????????????????????????????### "" | | ??????????????????????????????????????????## """"" | | ??????????????????????????????????????????## "##"" | | ??????????????????????????????????????????## ### | | ?????????################??????????????##### ### | | ?????????#################?######???######## ##? | | ?????????##" ## ## #########???##### # ? | | ???????#### " % R#### ####### # ? | | ???????## ! R # # ###### ## ? | | ??????? !R! ## ### # ? | | ???????? # @ # # ## ##?? | | ????????## # ###;#### ## # ?? | | ????????### ??############ #### ### ##?? | | ????????#####?????????####?########## ##########?? | | ?????????####???????????????################# ?? | | ???????????????????????????????????#####?????????? | | ?????????????????????????????????????????????????? | | ?????????????????????????????????????????????????? | | ?????????????????????????????????????????????????? | | ?????????????????????????????????????????????????? | | ?????????????????????????????????????????????????? | | ?????????????????????????????????????????????????? | | ?????????????????????????????????????????????????? | | ?????????????????????????????????????????????????? | | ?????????????????????????????????????????????????? | | ?????????????????????????????????????????????????? | | ?????????????????????????????????????????????????? | | ?????????????????????????????????????????????????? | | ?????????????????????????????????????????????????? | | ?????????????????????????????????????????????????? | | ?????????????????????????????????????????????????? | | ?????????????????????????????????????????????????? | | ?????????????????????????????????????????????????? | | ?????????????????????????????????????????????????? | | ?????????????????????????????????????????????????? | +----------------------------------------------------+ Best States ------------- Heat Dissipation 25 Energy Generation 10 Energy Capacity 250 Matter Stores 300 Matter Capacity 300 Sight Range 16 Terrain Scan Density 10 Evasion (%) 40 Recoil Reduction 2 Item Schematics ----------------- None Robot Schematics ------------------ None Fabricated ------------ Nothing Repaired ---------- Nothing Alien Tech Used ----------------- None Achievements -------------- None Challenges ------------ None Game ------ Seed RagnarokParticleLauncher Manual? 0 Play Time 00:11:16 Cumulative 174.2 hours Start 2025.07.22 @ 18:46:23 End 2025.07.22 @ 18:55:15 Sessions 1 Manual Loads 0 Difficulty Rogue Special Mode None Game No. 202 Rogue 202 Adventurer 0 Explorer 0 Win Type - Total 3 Types 1/0/0/1/0/0/0/0/0/1 Lore% 68 Gallery% 63 Achievement% 56 Wizard Run 0 Options --------- Layout 1 ASCII 0 Keyboard 1 Movement Arrows Keybinds 0 Fullscreen 1 Font 36/Smallcaps Map View 50x40 Zoom Use 0% Tactical HUD 1 Map Filters NONE Filters NONE Steam 1 RUN: 1df797fa-5917-4ade-8afb-2352f51baa72